 Dungeon Crawl Stone Soup version 0.21.1-1-g345015fe64 (webtiles) character file.

168 KingHarkinian the Firebug (level 5, 0/28 HPs)
             Began as a Deep Elf Fire Elementalist on Apr 17, 2018.
             Was an Initiate of Sif Muna.
             Succumbed to a worker ant's poison
             ... on level 4 of the Dungeon.
             The game lasted 00:15:05 (2153 turns).

KingHarkinian the Firebug (DEFE)                    Turns: 2153, Time: 00:15:05

Health: 0/28       AC:  2    Str:  5    XL:     5   Next: 24%
Magic:  8/11       EV: 13    Int: 21    God:    Sif Muna [......]
Gold:   57         SH:  0    Dex: 15    Spells: 0/10 levels left

rFire    . . .     SeeInvis .   i - +0 hunting sling (curse)
rCold    . . .     Gourm    .   (no shield)
rNeg     . . .     Faith    .   a - +0 robe
rPois    .         Spirit   .   (no helmet)
rElec    .         Reflect  .   (no cloak)
rCorr    .         Harm     .   (no gloves)
MR       .....     Rnd*Tele +   (no boots)
Stlth    ++........             (no amulet)
HPRegen  0.09/turn              t - ring of teleportation (curse)
MPRegen  0.12/turn              (no ring)

@: lethally poisoned (0 -> -10)
A: no striking features
a: Renounce Religion


You were on level 4 of the Dungeon.
You worshipped Sif Muna.
Sif Muna was noncommittal.
You were not hungry.

You visited 1 branch of the dungeon, and saw 4 of its levels.

You collected 57 gold pieces.


   Skills:
 - Level 2.4 Dodging
 - Level 2.4 Stealth
 - Level 3.0 Spellcasting
 + Level 4.0 Conjurations
 + Level 5.2 Fire Magic


You couldn't memorise any spells.
You knew the following spells:

 Your Spells              Type           Power        Failure   Level  Hunger
a - Flame Tongue          Conj/Fire      ###..        1%          1    None
b - Throw Flame           Conj/Fire      ###...       3%          2    ##.....
c - Sticky Flame          Conj/Fire      ###.....     21%         4    ####...
j - Conjure Flame         Conj/Fire      ###.....     6%          3    ###....

Inventory:

Hand Weapons
 c - a +0 dagger
 i - a cursed +0 hunting sling (weapon)
Missiles
 g - 55 stones (quivered)
 h - 7 tomahawks
Armour
 a - a +0 robe (worn)
Jewellery
 t - a cursed ring of teleportation (left hand)
Wands
 E - a wand of enslavement (11)
Potions
 d - a potion of mutation {!q}
 e - a potion of degeneration {unknown}
 l - a potion of resistance {unknown}
Books
 b - a book of Flames

   Spells                             Type                      Level
   a - Flame Tongue                   Conjuration/Fire             1
   b - Throw Flame                    Conjuration/Fire             2
   c - Conjure Flame                  Conjuration/Fire             3
   d - Inner Flame                    Hexes/Fire                   3
   e - Sticky Flame                   Conjuration/Fire             4
   f - Fireball                       Conjuration/Fire             5
Comestibles
 j - 4 chunks of flesh
 z - 8 rations

Dungeon Overview and Level Annotations

Branches:
Dungeon (4/15)
 Temple: D:4-7

Altars:
Ashenzari
Sif Muna

Annotations:
D:4 Blork the orc; Gargoyl's ghost, amateur CeAK

#..........###.#
#.........#$..#
#...#.#...#.#.#
#...._.o..#(#.#
##'###.#(......##.#
##...##...#........#
##....o#######.######
##.......## ##.##
#.........####@..###
+.........oWa......#
#.........####..?#.#
##.......## ##.##.#
##.....## ### #
##...## ##+##


You could see Blork the orc, a worker ant and Gargoyl's ghost.


Message History

You feel sick.
There is an open door here.
You feel sick. The worker ant bites you.
* * * LOW HITPOINT WARNING * * *
Aiming: Flame Tongue
Aim: Gargoyl's ghost (lightly damaged)
The flame tongue hits the worker ant.
The worker ant is moderately wounded.
The worker ant bites you but does no damage.
Aiming: Flame Tongue
Aim: Gargoyl's ghost (lightly damaged)
The flame tongue hits the worker ant.
The worker ant is severely wounded.
* * * LOW HITPOINT WARNING * * *
You feel sick. The worker ant bites you.
* * * LOW HITPOINT WARNING * * *
You are more poisoned.
The worker ant poisons you!
Aiming: Flame Tongue
Aim: Gargoyl's ghost (lightly damaged)
The flame tongue hits the worker ant.
The worker ant appears unharmed.
The worker ant is severely wounded.
The worker ant misses you.
Unknown command.
* * * LOW HITPOINT WARNING * * *
You feel sick.
You die...

Action                   |  1- 3 |  4- 6 || total
-------------------------+-------+-------++-------
Melee: Dagger            |     9 |       ||     9
 Fire: Hunting sling     |    40 |     3 ||    43
Throw: Stone             |     3 |       ||     3
 Cast: Flame Tongue      |    75 |    32 ||   107
       Throw Flame       |     3 |       ||     3
       Conjure Flame     |       |     1 ||     1
  Use: Scroll            |     5 |     1 ||     6
  Eat: Chunk             |     2 |     2 ||     4
Armor: Robe              |     4 |     2 ||     6
Dodge: Dodged            |    14 |    15 ||    29

Vault maps used:
D:1:      grunt_arrival_crossed_arrows
D:2:      lemuel_coloured_pillars_altar
D:3:      lemuel_round_altar, first_ration
D:4:      regret_index_temple_of_mockery, ashenzari_altar_1,
          minmay_temple_entry_trees, uniq_pikel, uniq_blork_the_orc,
          uniq_eustachio

Notes
Turn   | Place    | Note
-------+----------+-------------------------------------------
     0 | D:1      | KingHarkinian the Deep Elf Fire Elementalist began the quest for the Orb.
     0 | D:1      | Reached XP level 1. HP: 10/10 MP: 6/6
   132 | D:1      | Reached XP level 2. HP: 11/15 MP: 1/8
   197 | D:1      | Learned a level 2 spell: Throw Flame
   250 | D:1      | Reached skill level 2 in Conjurations
   386 | D:1      | Reached skill level 4 in Fire Magic
   619 | D:1      | Reached XP level 3. HP: 19/19 MP: 5/9
  1400 | D:2      | Reached skill level 3 in Conjurations
  1405 | D:2      | Learned a level 3 spell: Conjure Flame
  1598 | D:2      | Found a deep blue altar of Sif Muna.
  1685 | D:2      | Became a worshipper of Sif Muna the Loreminder
  1738 | D:3      | Reached XP level 4. HP: 24/24 MP: 4/10
  1976 | D:3      | Reached skill level 5 in Fire Magic
  1976 | D:3      | Reached XP level 5. HP: 28/28 MP: 2/11
  1982 | D:3      | Learned a level 4 spell: Sticky Flame
  2008 | D:4      | Reached skill level 4 in Conjurations
  2091 | D:4      | Noticed Gargoyl's ghost (amateur CeAK)
  2107 | D:4      | Found a shattered altar of Ashenzari.
  2111 | D:4      | Noticed Blork the orc
  2150 | D:4      | HP: 1/28 [worker ant (2)]
  2153 | D:4      | Succumbed to a worker ant's poison

Vanquished Creatures
  A hound (D:4)
  2 orc priests (D:3)
  An ooze (D:2)
  2 worms
  3 dart slugs
  A leopard gecko (D:2)
  2 orcs (D:3)
  4 bats
  4 giant cockroaches
  9 goblins
  5 hobgoblins
  A quokka (D:2)
  5 frilled lizards
  10 kobolds
  11 rats
61 creatures vanquished.
